General information
- name: BNet
- type: Ladder team game (AT/RT)
- host: Battle.net
- saver: GET-RECKONING
map: Friends
- players: 8
- length: 65:06
- speed: Fast
- version: 1.26 W3XP
- replay type: Public
» download(357 KB)
Players
team 1 (winner)
mwedeme (
teal | 39 APM | 892 actions | 22:39)
3 Mountain King
2 Storm Bolt
1 Thunder Clap
3 Paladin
2 Holy Light
1 Devotion Aura
2 Archmage
1 Brilliance Aura
1 Summon Water Elemental
» actions
| Build / train | 60 | |
| ESC pressed | 1 | |
| Enter build submenu | 23 | |
| Enter hero's abilities submenu | 8 | |
| Right click | 540 | |
| Select / deselect | 212 | |
| Use ability | 48 | |
892 total
» units
| Peasant | 12 | |
| Footman | 6 | |
| Gryphon Rider | 6 | |
| Priest | 4 | |
28 total
» upgrades
| Lumber Harvesting | 1 | |
| Swords | 2 | |
| Storm Hammers | 1 | |
| Priest Training | 2 | |
| Armor | 1 | |
7 total
» buildings
| Altar of Kings | 1 | |
| Farm | 9 | |
| Barracks | 1 | |
| Lumber Mill | 1 | |
| Scout Tower | 4 | |
| Guard Tower | 4 | |
| Keep | 1 | |
| Arcane Vault | 1 | |
| Blacksmith | 1 | |
| Gryphon Aviary | 3 | |
| Castle | 1 | |
| Arcane Sanctum | 1 | |
28 total
» build order
00:09 Altar of Kings
00:19 Farm
00:33 Barracks
00:59 Farm
01:24 Lumber Mill
02:07 Farm
02:45 Scout Tower
02:51 Farm
03:17 Guard Tower
03:24 Scout Tower
03:43 Farm
04:06 Guard Tower
04:14 Scout Tower
05:01 Keep
05:03 Guard Tower
05:06 Scout Tower
05:12 Arcane Vault
06:13 Guard Tower
06:43 Blacksmith
07:26 Gryphon Aviary
07:32 Gryphon Aviary
07:42 Castle
08:05 Farm
08:47 Gryphon Aviary
08:56 Farm
10:45 Arcane Sanctum
12:07 Farm
15:21 Farm
» items
| Scroll of Regeneration | 2 | |
| Lesser Clarity Potion | 2 | |
| Scroll of Town Portal | 3 | |
| Potion of Mana | 1 | |
8 total
XxGainGreenxX (
red | 38 APM | 658 actions | 17:17)
3 Demon Hunter
1 Immolation
1 Evasion
1 Mana Burn
» actions
| Assign group hotkey | 10 | |
| Basic commands | 6 | |
| Build / train | 45 | |
| Enter build submenu | 18 | |
| Enter hero's abilities submenu | 3 | |
| Right click | 264 | |
| Select / deselect | 214 | |
| Select group hotkey | 49 | |
| Use ability | 49 | |
658 total
» units
| Wisp | 15 | |
| Archer | 6 | |
| Dryad | 5 | |
| Druid of the Claw | 3 | |
29 total
» upgrades
| Strength of the Wild | 3 | |
| Reinforced Hides | 3 | |
| Abolish Magic | 1 | |
| Druid of the Claw Training | 2 | |
| Mark of the Claw | 1 | |
10 total
» buildings
| Altar of Elders | 1 | |
| Moon Well | 9 | |
| Ancient of War | 1 | |
| Tree of Ages | 1 | |
| Hunter's Hall | 1 | |
| Ancient of Lore | 4 | |
| Tree of Eternity | 1 | |
18 total
» build order
00:08 Altar of Elders
00:22 Moon Well
00:53 Ancient of War
01:28 Moon Well
02:45 Tree of Ages
03:28 Hunter's Hall
04:00 Moon Well
05:00 Moon Well
05:17 Ancient of Lore
05:22 Ancient of Lore
05:28 Ancient of Lore
06:39 Tree of Eternity
07:44 Moon Well
09:18 Moon Well
10:41 Moon Well
12:54 Moon Well
13:53 Moon Well
14:37 Ancient of Lore
GET-RECKONING (
green | 78 APM | 5090 actions | 65:06)
10 Mountain King
3 Storm Bolt
3 Bash
1 Avatar
3 Thunder Clap
» actions
| Assign group hotkey | 99 | |
| Basic commands | 8 | |
| Build / train | 176 | |
| Enter build submenu | 43 | |
| Enter hero's abilities submenu | 10 | |
| Remove unit from queue | 1 | |
| Right click | 2243 | |
| Select / deselect | 630 | |
| Select group hotkey | 1612 | |
| Use ability | 268 | |
5090 total
» units
| Peasant | 29 | |
| Footman | 4 | |
| Goblin Zeppelin | 2 | |
| Goblin Shredder | 2 | |
| Gryphon Rider | 14 | |
| Siege Engine | 11 | |
| Knight | 7 | |
| Mortar Team | 6 | |
| Goblin Sapper | 4 | |
79 total
» upgrades
| Masonry | 3 | |
| Lumber Harvesting | 2 | |
| Swords | 3 | |
| Animal War Training | 1 | |
| Storm Hammers | 1 | |
| Armor | 1 | |
| Gunpowder | 3 | |
| Plating | 2 | |
| Barrage | 1 | |
| Flare | 1 | |
| Cloud | 1 | |
19 total
» buildings
| Altar of Kings | 2 | |
| Barracks | 3 | |
| Farm | 12 | |
| Scout Tower | 31 | |
| Arcane Vault | 2 | |
| Arcane Tower | 1 | |
| Keep | 4 | |
| Lumber Mill | 2 | |
| Blacksmith | 1 | |
| Guard Tower | 21 | |
| Castle | 7 | |
| Gryphon Aviary | 4 | |
| Town Hall | 5 | |
| Workshop | 3 | |
98 total
» build order
00:07 Altar of Kings
00:24 Barracks
00:37 Farm
00:51 Farm
01:37 Farm
01:45 Scout Tower
02:16 Arcane Vault
02:30 Arcane Tower
03:28 Keep
03:59 Lumber Mill
04:08 Scout Tower
04:08 Scout Tower
04:09 Scout Tower
04:10 Scout Tower
04:12 Scout Tower
05:01 Blacksmith
05:12 Guard Tower
05:12 Guard Tower
05:47 Guard Tower
06:21 Farm
06:22 Farm
06:22 Farm
06:42 Castle
07:25 Gryphon Aviary
08:18 Gryphon Aviary
09:37 Farm
09:37 Farm
09:38 Farm
09:38 Farm
12:55 Town Hall
12:57 Scout Tower
12:57 Scout Tower
12:57 Scout Tower
12:58 Scout Tower
13:36 Guard Tower
13:36 Guard Tower
14:05 Town Hall
14:46 Farm
14:47 Farm
16:02 Keep
16:12 Scout Tower
17:01 Guard Tower
18:08 Scout Tower
18:08 Scout Tower
18:09 Scout Tower
18:52 Guard Tower
18:53 Guard Tower
18:56 Scout Tower
18:57 Scout Tower
18:58 Scout Tower
18:58 Scout Tower
19:34 Guard Tower
19:36 Scout Tower
19:37 Scout Tower
19:58 Castle
19:59 Castle
19:59 Castle
20:28 Guard Tower
20:35 Guard Tower
21:35 Workshop
21:35 Workshop
22:01 Workshop
23:40 Scout Tower
23:41 Scout Tower
23:41 Scout Tower
23:42 Scout Tower
23:43 Scout Tower
23:43 Scout Tower
24:00 Arcane Vault
24:11 Guard Tower
24:16 Guard Tower
26:09 Guard Tower
26:09 Guard Tower
36:39 Town Hall
36:59 Scout Tower
36:59 Scout Tower
37:40 Lumber Mill
38:52 Guard Tower
38:56 Keep
41:42 Town Hall
42:11 Altar of Kings
44:15 Castle
45:01 Town Hall
46:02 Scout Tower
46:02 Scout Tower
47:33 Guard Tower
48:52 Keep
48:58 Gryphon Aviary
48:58 Gryphon Aviary
49:27 Barracks
49:28 Barracks
» items
| Scroll of Regeneration | 5 | |
| Ivory Tower | 3 | |
| Scroll of Town Portal | 11 | |
| Staff of Sanctuary | 1 | |
| Potion of Healing | 7 | |
| Potion of Mana | 2 | |
| Lesser Clarity Potion | 1 | |
| Orb of Fire | 1 | |
31 total

»
187- (
purple | 52 APM | 1185 actions | 22:42)
5 Mountain King
3 Storm Bolt
2 Bash
» actions
| Assign group hotkey | 22 | |
| Basic commands | 95 | |
| Build / train | 67 | |
| Enter build submenu | 31 | |
| Enter hero's abilities submenu | 5 | |
| Right click | 567 | |
| Select / deselect | 210 | |
| Select group hotkey | 128 | |
| Use ability | 60 | |
1185 total
» units
| Peasant | 11 | |
| Footman | 8 | |
| Knight | 1 | |
| Gryphon Rider | 12 | |
| Mortar Team | 2 | |
34 total
» upgrades
| Masonry | 3 | |
| Swords | 3 | |
| Plating | 2 | |
| Defend | 1 | |
| Storm Hammers | 1 | |
| Lumber Harvesting | 2 | |
| Armor | 2 | |
| Fragmentation Shards | 1 | |
15 total
» buildings
| Altar of Kings | 1 | |
| Farm | 12 | |
| Scout Tower | 6 | |
| Lumber Mill | 2 | |
| Barracks | 1 | |
| Guard Tower | 5 | |
| Blacksmith | 1 | |
| Keep | 1 | |
| Arcane Vault | 1 | |
| Castle | 1 | |
| Gryphon Aviary | 2 | |
| Workshop | 2 | |
35 total
» build order
00:07 Altar of Kings
00:13 Farm
00:23 Scout Tower
01:04 Lumber Mill
01:24 Barracks
02:03 Farm
02:26 Guard Tower
02:46 Farm
03:08 Blacksmith
03:59 Scout Tower
04:46 Guard Tower
04:49 Scout Tower
04:52 Keep
05:05 Scout Tower
05:58 Guard Tower
06:13 Scout Tower
06:23 Arcane Vault
06:51 Guard Tower
07:00 Farm
07:15 Castle
07:22 Gryphon Aviary
07:27 Gryphon Aviary
08:00 Farm
09:01 Farm
09:54 Farm
13:01 Lumber Mill
13:09 Farm
14:45 Farm
14:50 Scout Tower
15:39 Guard Tower
15:40 Farm
15:42 Farm
18:20 Workshop
18:21 Workshop
20:15 Farm
» items
| Scroll of Regeneration | 3 | |
| Lesser Clarity Potion | 1 | |
| Scroll of Town Portal | 1 | |
5 total
team 2 (loser)

»
Sabre.Wolf (
blue | 41 APM | 2638 actions | 65:04)
6 Priestess of the Moon
2 Trueshot Aura
3 Searing Arrows
1 Starfall
» actions
| Assign group hotkey | 53 | |
| Basic commands | 145 | |
| Build / train | 126 | |
| ESC pressed | 3 | |
| Enter build submenu | 50 | |
| Enter hero's abilities submenu | 6 | |
| Right click | 1163 | |
| Select / deselect | 810 | |
| Select group hotkey | 125 | |
| Use ability | 157 | |
2638 total
» units
| Wisp | 43 | |
| Archer | 15 | |
| Huntress | 1 | |
| Mountain Giant | 5 | |
| Glaive Thrower | 1 | |
| Goblin Zeppelin | 1 | |
| Hippogryph | 9 | |
| Dryad | 17 | |
92 total
» upgrades
| Strength of the Moon | 3 | |
| Improved Bows | 1 | |
| Strength of the Wild | 3 | |
| Reinforced Hides | 3 | |
| Ultravision | 1 | |
| Hippogryph Taming | 1 | |
| Vorpal Blades | 1 | |
| Marksmanship | 1 | |
| Hardened Skin | 1 | |
| Resistant Skin | 1 | |
| Moon Armor | 3 | |
| Well Spring | 1 | |
| Abolish Magic | 1 | |
21 total
» buildings
| Altar of Elders | 1 | |
| Moon Well | 10 | |
| Ancient of War | 1 | |
| Tree of Ages | 1 | |
| Hunter's Hall | 1 | |
| Ancient of Wonders | 2 | |
| Ancient of Lore | 2 | |
| Tree of Eternity | 1 | |
| Ancient of Wind | 1 | |
| Tree of Life | 14 | |
| Ancient Protector | 4 | |
38 total
» build order
00:08 Altar of Elders
00:13 Moon Well
00:20 Moon Well
01:15 Ancient of War
01:54 Moon Well
02:49 Tree of Ages
03:06 Hunter's Hall
03:44 Ancient of Wonders
04:21 Moon Well
04:46 Moon Well
05:15 Ancient of Lore
06:17 Tree of Eternity
07:09 Moon Well
07:51 Ancient of Wind
12:36 Moon Well
13:31 Moon Well
13:49 Tree of Life
18:10 Tree of Life
18:35 Moon Well
20:27 Ancient of Wonders
20:45 Ancient of Lore
23:52 Ancient Protector
23:59 Ancient Protector
24:14 Ancient Protector
24:20 Ancient Protector
25:12 Moon Well
26:19 Tree of Life
27:02 Tree of Life
30:24 Tree of Life
32:35 Tree of Life
34:17 Tree of Life
36:45 Tree of Life
38:35 Tree of Life
38:46 Tree of Life
43:57 Tree of Life
45:27 Tree of Life
46:28 Tree of Life
58:55 Tree of Life
» items
| Scroll of Town Portal | 2 | |
| Orb of Venom | 1 | |
| Lesser Clarity Potion | 1 | |
4 total
LoveConquersAll (
orange | 39 APM | 2554 actions | 65:04)
6 Archmage
3 Summon Water Elemental
2 Brilliance Aura
1 Mass Teleport
» actions
| Assign group hotkey | 71 | |
| Basic commands | 445 | |
| Build / train | 99 | |
| Enter build submenu | 60 | |
| Enter hero's abilities submenu | 6 | |
| Give item / drop item | 3 | |
| Remove unit from queue | 3 | |
| Right click | 765 | |
| Select / deselect | 489 | |
| Select group hotkey | 435 | |
| Use ability | 178 | |
2554 total
» units
| Peasant | 16 | |
| Footman | 2 | |
| Rifleman | 10 | |
| Goblin Zeppelin | 1 | |
| Goblin Shredder | 1 | |
| Gryphon Rider | 15 | |
45 total
» upgrades
| Lumber Harvesting | 1 | |
| Masonry | 2 | |
| Gunpowder | 2 | |
| Long Rifles | 1 | |
| Armor | 3 | |
| Swords | 3 | |
| Storm Hammers | 1 | |
13 total
» buildings
| Altar of Kings | 3 | |
| Farm | 21 | |
| Barracks | 2 | |
| Lumber Mill | 1 | |
| Blacksmith | 2 | |
| Keep | 2 | |
| Arcane Vault | 2 | |
| Scout Tower | 13 | |
| Guard Tower | 4 | |
| Town Hall | 6 | |
| Castle | 2 | |
| Gryphon Aviary | 9 | |
67 total
» build order
01:34 Altar of Kings
01:37 Farm
01:40 Farm
01:43 Barracks
04:28 Lumber Mill
04:36 Blacksmith
04:41 Barracks
04:45 Farm
04:46 Farm
04:47 Farm
04:49 Farm
06:35 Keep
06:38 Arcane Vault
06:43 Scout Tower
06:44 Scout Tower
06:45 Scout Tower
07:37 Guard Tower
07:41 Scout Tower
07:43 Scout Tower
07:57 Farm
08:19 Guard Tower
12:23 Town Hall
16:15 Town Hall
16:18 Scout Tower
16:21 Scout Tower
16:23 Scout Tower
16:25 Scout Tower
16:26 Scout Tower
16:27 Scout Tower
16:28 Scout Tower
16:34 Scout Tower
18:10 Guard Tower
18:14 Castle
18:49 Blacksmith
19:44 Gryphon Aviary
19:45 Gryphon Aviary
19:47 Gryphon Aviary
19:48 Gryphon Aviary
19:49 Gryphon Aviary
19:56 Guard Tower
22:25 Farm
22:25 Farm
22:30 Farm
22:42 Farm
22:43 Farm
22:47 Farm
32:29 Altar of Kings
33:59 Farm
33:59 Farm
34:00 Farm
35:24 Town Hall
38:03 Keep
40:01 Town Hall
41:35 Altar of Kings
41:48 Town Hall
42:54 Castle
44:53 Town Hall
45:50 Gryphon Aviary
45:51 Gryphon Aviary
45:56 Gryphon Aviary
45:57 Gryphon Aviary
46:29 Arcane Vault
53:20 Farm
53:21 Farm
53:23 Farm
53:23 Farm
53:27 Farm
» items
| Scroll of Regeneration | 6 | |
| Ankh of Reincarnation | 2 | |
| Alleria's Flute of Accuracy | 1 | |
| Scroll of Town Portal | 7 | |
| Potion of Healing | 6 | |
| Potion of Divinity | 1 | |
23 total
edddfrttgggg (
pink | 42 APM | 2428 actions | 57:55)
8 Mountain King
3 Storm Bolt
3 Bash
1 Thunder Clap
1 Avatar
6 Paladin
3 Holy Light
1 Devotion Aura
1 Divine Shield
1 Resurrection
» actions
| Basic commands | 88 | |
| Build / train | 200 | |
| Enter build submenu | 77 | |
| Enter hero's abilities submenu | 15 | |
| Give item / drop item | 6 | |
| Remove unit from queue | 11 | |
| Right click | 760 | |
| Select / deselect | 1103 | |
| Use ability | 168 | |
2428 total
» units
| Peasant | 40 | |
| Mortar Team | 16 | |
| Goblin Shredder | 2 | |
| Flying Machine | 45 | |
| Siege Engine | 4 | |
| Spell Breaker | 3 | |
| Knight | 1 | |
111 total
» upgrades
| Masonry | 3 | |
| Lumber Harvesting | 2 | |
| Gunpowder | 3 | |
| Armor | 4 | |
| Plating | 3 | |
| Fragmentation Shards | 1 | |
| Flare | 1 | |
| Flak Cannons | 1 | |
| Flying Machine Bombs | 1 | |
| Barrage | 1 | |
| Swords | 3 | |
| Control Magic | 1 | |
| Animal War Training | 1 | |
25 total
» buildings
| Farm | 17 | |
| Scout Tower | 18 | |
| Lumber Mill | 4 | |
| Arcane Tower | 2 | |
| Altar of Kings | 1 | |
| Guard Tower | 11 | |
| Keep | 1 | |
| Town Hall | 14 | |
| Blacksmith | 2 | |
| Arcane Vault | 1 | |
| Workshop | 12 | |
| Cannon Tower | 2 | |
| Castle | 1 | |
| Arcane Sanctum | 3 | |
| Barracks | 1 | |
90 total
» build order
00:21 Farm
00:32 Farm
00:40 Scout Tower
00:45 Scout Tower
01:21 Lumber Mill
01:23 Arcane Tower
01:43 Farm
02:37 Altar of Kings
02:39 Arcane Tower
02:44 Scout Tower
02:58 Farm
03:16 Scout Tower
03:17 Guard Tower
03:30 Scout Tower
03:32 Scout Tower
03:44 Farm
03:46 Guard Tower
03:52 Farm
03:59 Guard Tower
04:12 Scout Tower
04:22 Scout Tower
04:29 Scout Tower
04:41 Guard Tower
04:56 Guard Tower
05:02 Scout Tower
05:14 Guard Tower
05:21 Keep
05:28 Guard Tower
06:45 Town Hall
07:52 Blacksmith
08:38 Arcane Vault
08:42 Workshop
08:45 Workshop
09:51 Scout Tower
10:24 Farm
10:27 Scout Tower
10:28 Guard Tower
11:08 Farm
11:11 Guard Tower
11:13 Scout Tower
12:37 Lumber Mill
12:43 Farm
12:55 Guard Tower
12:59 Scout Tower
13:32 Farm
13:37 Scout Tower
13:38 Cannon Tower
13:39 Castle
14:33 Cannon Tower
14:44 Scout Tower
14:51 Farm
16:14 Guard Tower
16:16 Farm
16:45 Farm
16:58 Farm
17:55 Workshop
18:08 Workshop
18:37 Lumber Mill
20:18 Arcane Sanctum
20:21 Arcane Sanctum
20:33 Arcane Sanctum
24:28 Town Hall
24:39 Workshop
24:59 Workshop
25:47 Workshop
27:48 Town Hall
31:16 Workshop
31:20 Workshop
32:34 Workshop
34:07 Workshop
34:53 Town Hall
35:10 Town Hall
35:53 Farm
37:52 Town Hall
40:01 Barracks
40:52 Town Hall
41:47 Blacksmith
42:14 Town Hall
44:17 Town Hall
45:16 Town Hall
49:08 Scout Tower
49:32 Scout Tower
49:37 Guard Tower
50:29 Town Hall
50:39 Farm
51:33 Lumber Mill
52:42 Workshop
53:43 Farm
55:39 Town Hall
56:02 Town Hall
57:03 Town Hall
» items
| Scroll of Regeneration | 6 | |
| Lesser Clarity Potion | 3 | |
| Potion of Healing | 5 | |
| Potion of Mana | 1 | |
| Scroll of Town Portal | 7 | |
| Orb of Venom | 1 | |
23 total
GBYEJEWSGBYEJEW (
yellow | 72 APM | 4698 actions | 65:04)
8 Archmage
2 Summon Water Elemental
3 Brilliance Aura
2 Blizzard
1 Mass Teleport
7 Paladin
3 Holy Light
1 Divine Shield
2 Devotion Aura
1 Resurrection
» actions
| Assign group hotkey | 45 | |
| Basic commands | 53 | |
| Build / train | 119 | |
| ESC pressed | 13 | |
| Enter build submenu | 51 | |
| Enter hero's abilities submenu | 16 | |
| Give item / drop item | 4 | |
| Right click | 1758 | |
| Select / deselect | 517 | |
| Select group hotkey | 1859 | |
| Use ability | 263 | |
4698 total
» units
| Peasant | 23 | |
| Footman | 10 | |
| Gryphon Rider | 7 | |
| Goblin Zeppelin | 2 | |
| Dragonhawk Rider | 7 | |
| Goblin Shredder | 1 | |
| Rifleman | 1 | |
51 total
» upgrades
| Defend | 1 | |
| Swords | 3 | |
| Armor | 3 | |
| Animal War Training | 1 | |
| Storm Hammers | 1 | |
| Cloud | 1 | |
| Gunpowder | 2 | |
12 total
» buildings
| Barracks | 4 | |
| Farm | 15 | |
| Altar of Kings | 1 | |
| Scout Tower | 8 | |
| Arcane Tower | 2 | |
| Lumber Mill | 1 | |
| Arcane Vault | 3 | |
| Keep | 1 | |
| Guard Tower | 5 | |
| Blacksmith | 1 | |
| Gryphon Aviary | 3 | |
| Castle | 1 | |
| Town Hall | 11 | |
56 total
» build order
00:22 Barracks
00:33 Farm
00:48 Barracks
00:50 Altar of Kings
01:20 Farm
01:45 Farm
01:50 Scout Tower
02:19 Arcane Tower
02:36 Lumber Mill
02:53 Farm
03:44 Arcane Vault
04:23 Arcane Vault
04:54 Keep
04:56 Scout Tower
05:04 Farm
05:28 Farm
05:30 Guard Tower
05:31 Blacksmith
06:21 Farm
06:32 Farm
07:23 Gryphon Aviary
07:25 Castle
07:30 Gryphon Aviary
08:54 Farm
09:36 Farm
10:12 Farm
12:02 Town Hall
12:13 Scout Tower
12:18 Scout Tower
13:03 Arcane Tower
13:27 Town Hall
14:40 Scout Tower
15:32 Guard Tower
15:49 Arcane Vault
15:54 Scout Tower
16:01 Gryphon Aviary
16:56 Guard Tower
16:58 Scout Tower
16:59 Scout Tower
18:08 Guard Tower
18:11 Guard Tower
20:39 Farm
23:08 Farm
27:07 Farm
37:13 Town Hall
37:22 Town Hall
37:37 Town Hall
38:56 Town Hall
39:25 Town Hall
41:39 Town Hall
41:57 Barracks
42:01 Barracks
42:04 Town Hall
42:36 Farm
43:37 Town Hall
44:27 Town Hall
» items
| Scroll of Regeneration | 8 | |
| Mechanical Critter | 2 | |
| Scroll of Town Portal | 3 | |
| Lesser Clarity Potion | 5 | |
| Potion of Healing | 4 | |
| Orb of Fire | 1 | |
23 total
Chat log
(00:17 / All) LoveConquersAll: Hail, well met, men
(00:30 / All) GET-RECKONING: JEWS
(00:35 / All) GBYEJEWSGBYEJEW: GOODBYE JEWS GOODBYE JEWS GOODBYE JEWS GOODBYE JEWS GOODBYE JEWS GOODBYE JEWS GOODBYE JEWS GOODBYE JEWS GOODBYE JEWS
(00:37 / All) Sabre.Wolf: are awsome
(00:39 / All) 187-: love conquers all
(00:41 / All) LoveConquersAll: Perhaps it is so that Vercingcetorix could have defeated the great Julius Caesar in single combat
(00:41 / All) 187-: lolol
(00:52 / All) Sabre.Wolf: english bra
(00:55 / All) LoveConquersAll: But Caesar was a leader of men, a conqueror
(00:55 / All) GBYEJEWSGBYEJEW: GOODBYE JEWS GOODBYE JEWS GOODBYE JEWS GOODBYE JEWS GOODBYE JEWS GOODBYE JEWS GOODBYE JEWS GOODBYE JEWS GOODBYE JEWS
(00:58 / Allies) GET-RECKONING: griffs/copters here
(01:02 / Allies) GET-RECKONING: u guys get melee
(01:12 / All) LoveConquersAll: HIS ESSENCE AND NOBLE FORCE, conquered the Versessisisissfdsafsd
(01:27 / All) LoveConquersAll: RAPED THEIR WOMEN, PILLAGED THEIR VILLAGES
(01:30 / All) GBYEJEWSGBYEJEW: GOODBYE JEWS GOODBYE JEWS GOODBYE JEWS GOODBYE JEWS GOODBYE JEWS GOODBYE JEWS GOODBYE JEWS GOODBYE JEWS GOODBYE JEWS
(01:31 / All) LoveConquersAll: AND BUTCHERED THEIR CATTLE
(01:51 / All) LoveConquersAll: I am that Caesar spirit
(02:03 / All) LoveConquersAll: Dwell upon noble things, dwell upon my great renown
(02:04 / All) Sabre.Wolf: ur noob bro
(02:06 / All) Sabre.Wolf: whyd u die
(02:07 / All) GBYEJEWSGBYEJEW: GOODBYE JEWS GOODBYE JEWS GOODBYE JEWS GOODBYE JEWS GOODBYE JEWS GOODBYE JEWS GOODBYE JEWS GOODBYE JEWS GOODBYE JEWS
(02:13 / All) LoveConquersAll: Try to stop me, YOU CAN't
(02:18 / All) LoveConquersAll: Try to stop me, YOU CAN'T
(02:26 / All) LoveConquersAll: I am like a tenacious lover, my advances iwll not be denied
(02:28 / All) GBYEJEWSGBYEJEW: GOODBYE JEWS GOODBYE JEWS GOODBYE JEWS GOODBYE JEWS GOODBYE JEWS GOODBYE JEWS GOODBYE JEWS GOODBYE JEWS GOODBYE JEWS
(02:35 / Allies) GET-RECKONING: come red
(02:50 / All) LoveConquersAll: Tears and blood will flow like rivers from your eyes
(03:09 / All) LoveConquersAll: The stars in the sky will crumble to dust before you ever thwart my WILL
(03:15 / All) GBYEJEWSGBYEJEW: GOODBYE JEWS GOODBYE JEWS GOODBYE JEWS GOODBYE JEWS GOODBYE JEWS GOODBYE JEWS GOODBYE JEWS GOODBYE JEWS GOODBYE JEWS
(03:26 / All) LoveConquersAll: Your cities will pass like faded flowers
(03:41 / All) LoveConquersAll: HAd enough coward?
(03:43 / All) LoveConquersAll: Had enough?
(03:57 / All) LoveConquersAll: RIVERS OF BLOOD WILL FLOW
(04:06 / Allies) 187-: lol
(04:07 / Allies) 187-: get oj
(04:17 / All) LoveConquersAll: THERE WILL BE BLOOD ON THIS DANCE FLOOR
(04:18 / All) GBYEJEWSGBYEJEW: GOODBYE JEWS GOODBYE JEWS GOODBYE JEWS
(05:08 / All) LoveConquersAll: YOUR HEART IS A VILE BLACK THING
(05:08 / Allies) GET-RECKONING: heal up and we'll get shredder
(05:11 / All) LoveConquersAll: HATRED BECAME YOU
(06:07 / All) GBYEJEWSGBYEJEW: GOODBYE JEWS GOODBYE JEWS GOODBYE JEWS
(06:11 / All) LoveConquersAll: I HAVE ALWAYS LOVED YOU
(06:12 / Allies) GET-RECKONING: guys quit hitting orange
(06:14 / All) LoveConquersAll: WHY DO YOU STRIKE ME?
(06:17 / All) LoveConquersAll: CAN I NOT STRIKE YOU
(06:21 / Allies) 187-: eh?
(06:21 / All) LoveConquersAll: PUNCH YOU IN YOUR BITCH MOUTH?
(06:25 / All) LoveConquersAll: NO BECAUSE YOU ARE A MIRROR
(06:25 / Allies) GET-RECKONING: just cc
(06:26 / All) 187-: lol
(06:26 / Allies) GET-RECKONING: come red
(06:30 / All) LoveConquersAll: YOUR REFLECT MY OWN LIGHT
(06:30 / All) GBYEJEWSGBYEJEW: GOODBYE JEWS GOODBYE JEWS GOODBYE JEWS GOODBYE JEWS GOODBYE JEWS GOODBYE JEWS GOODBYE JEWS GOODBYE JEWS GOODBYE JEWS
(06:45 / All) 187-: you're the worst troll i've ever seen
(06:52 / Allies) GET-RECKONING: wood
(06:54 / All) GBYEJEWSGBYEJEW: GOODBYE JEWS GOODBYE JEWS GOODBYE JEWS
(06:58 / All) Sabre.Wolf: how r we not dead yet
(07:04 / All) 187-: stay mad yellow :D
(07:11 / All) LoveConquersAll: YOU GET YOUR JOLLIES FROM POKING AT ME LIKE A GNAT
(07:17 / All) GBYEJEWSGBYEJEW: GOODBYE JEWS GOODBYE JEWS GOODBYE JEWS GOODBYE JEWS GOODBYE JEWS GOODBYE JEWS GOODBYE JEWS GOODBYE JEWS GOODBYE JEWS
(07:21 / All) LoveConquersAll: I'LL SLAUGHTER YOU ALL
(07:27 / All) LoveConquersAll: I'LL SET FIRE TO YOUR CORNSEED
(07:33 / All) LoveConquersAll: YOU WILL NEVER PASS THE RIVER AT HEH
(07:34 / All) GBYEJEWSGBYEJEW: GOODBYE JEWS GOODBYE JEWS GOODBYE JEWS GOODBYE JEWS GOODBYE JEWS GOODBYE JEWS GOODBYE JEWS GOODBYE JEWS GOODBYE JEWS
(08:03 / All) LoveConquersAll: THIS LOVE WILL TEAR US APART
(08:29 / All) LoveConquersAll: WHY HAS YOUR GOD FORSAKEN YOU
(08:37 / All) LoveConquersAll: DID YOU NOT TRUST IN THE FLOOD?
(08:42 / All) GBYEJEWSGBYEJEW: GOODBYE JEWS GOODBYE JEWS GOODBYE JEWS
(09:39 / All) GBYEJEWSGBYEJEW: GOODBYE JEWS GOODBYE JEWS GOODBYE JEWS GOODBYE JEWS GOODBYE JEWS GOODBYE JEWS GOODBYE JEWS GOODBYE JEWS GOODBYE JEWS
(10:37 / Allies) mwedeme: gold?
(11:51 / Allies) 187-: yellow
(12:15 / All) LoveConquersAll: I LOST MY SOUL BUT ATE ANOTHER'S
(12:19 / All) GBYEJEWSGBYEJEW: GOODBYE JEWS GOODBYE JEWS GOODBYE JEWS GOODBYE JEWS GOODBYE JEWS GOODBYE JEWS GOODBYE JEWS GOODBYE JEWS GOODBYE JEWS
(13:04 / All) LoveConquersAll: I DIDn'T WANT TO GET YOU GONE BUT I HAD TO YOU DAMNED SAUCY THING
(13:05 / Allies) GET-RECKONING: hit bottom middle
(13:06 / Allies) GET-RECKONING: lets go
(13:14 / Allies) 187-: meet
(13:15 / Allies) 187-: where at
(13:34 / Allies) XxGainGreenxX: meet
(15:06 / Allies) GET-RECKONING: expos
(16:09 / Allies) XxGainGreenxX: gg
(16:13 / Allies) mwedeme: no
(16:14 / Allies) GET-RECKONING: relax
(16:15 / Allies) GET-RECKONING: we won
(17:20 / All) GBYEJEWSGBYEJEW: GOODBYE JEWS GOODBYE JEWS GOODBYE JEWS GOODBYE JEWS GOODBYE JEWS GOODBYE JEWS GOODBYE JEWS GOODBYE JEWS GOODBYE JEWS
(18:26 / Allies) GET-RECKONING: gold?
(18:31 / Allies) GET-RECKONING: dont hit orange he is no threat
(18:32 / Allies) GET-RECKONING: he sucks
(18:36 / Allies) GET-RECKONING: lets hit bottom
(19:05 / All) LoveConquersAll: I laughed when I told a joke
(19:10 / All) LoveConquersAll: The point perhaps of telling one
(20:19 / Allies) GET-RECKONING: lets hit pink
(21:12 / Allies) GET-RECKONING: meet
(21:51 / All) GBYEJEWSGBYEJEW: GOODBYE JEWS GOODBYE JEWS GOODBYE JEWS
(22:18 / All) GBYEJEWSGBYEJEW: GOODBYE JEWS GOODBYE JEWS GOODBYE JEWS GOODBYE JEWS GOODBYE JEWS GOODBYE JEWS GOODBYE JEWS GOODBYE JEWS GOODBYE JEWS
(22:22 / All) GBYEJEWSGBYEJEW: GOODBYE JEWS GOODBYE JEWS GOODBYE JEWS
(22:27 / All) GBYEJEWSGBYEJEW: GOODBYE JEWS GOODBYE JEWS GOODBYE JEWS GOODBYE JEWS GOODBYE JEWS GOODBYE JEWS GOODBYE JEWS GOODBYE JEWS GOODBYE JEWS
(22:35 / All) GBYEJEWSGBYEJEW: GOODBYE JEWS GOODBYE JEWS GOODBYE JEWS GOODBYE JEWS GOODBYE JEWS GOODBYE JEWS GOODBYE JEWS GOODBYE JEWS GOODBYE JEWS
(24:27 / All) GBYEJEWSGBYEJEW: GOODBYE JEWS GOODBYE JEWS GOODBYE JEWS GOODBYE JEWS GOODBYE JEWS GOODBYE JEWS GOODBYE JEWS GOODBYE JEWS GOODBYE JEWS
(25:43 / All) GBYEJEWSGBYEJEW: GOODBYE JEWS GOODBYE JEWS GOODBYE JEWS
(26:04 / All) Sabre.Wolf: LOL
(26:06 / All) Sabre.Wolf: tanks
(27:39 / All) GBYEJEWSGBYEJEW: GOODBYE JEWS GOODBYE JEWS GOODBYE JEWS
(28:53 / All) GBYEJEWSGBYEJEW: GOODBYE JEWS GOODBYE JEWS GOODBYE JEWS
(30:13 / All) GBYEJEWSGBYEJEW: GOODBYE JEWS GOODBYE JEWS GOODBYE JEWS GOODBYE JEWS GOODBYE JEWS GOODBYE JEWS GOODBYE JEWS GOODBYE JEWS GOODBYE JEWS
(46:57 / All) LoveConquersAll: Thank you friend
(47:05 / All) GET-RECKONING: can u faggots plz leave
(47:18 / All) Sabre.Wolf: nou
(53:14 / All) GET-RECKONING: leave faggots
(53:18 / All) Sabre.Wolf: why
(53:22 / All) GET-RECKONING: u suck cock
(53:23 / All) Sabre.Wolf: because u and ur nigger friend
(53:33 / All) Sabre.Wolf: naw
(53:37 / All) GET-RECKONING: stabbing and 4v4rt are the same thing
(53:37 / All) Sabre.Wolf: think ill waste ur time
(53:39 / All) GET-RECKONING: learn to not suck
(53:48 / All) Sabre.Wolf: qq scrub
(57:14 / All) LoveConquersAll: Leave noobs, you lost
(57:18 / All) Sabre.Wolf: naw
(57:25 / All) GET-RECKONING: u guys suck cock
(57:36 / All) Sabre.Wolf: spit or no spit
(57:36 / All) edddfrttgggg: wondering which one of you fucking motherfuckers is goona loose
(57:50 / All) LoveConquersAll: My team shall lose
(57:54 / All) LoveConquersAll: It's in the rulebook
(59:07 / All) GET-RECKONING: yellow got owned at his own game, i commend him though
(61:25 / All) LoveConquersAll: Pink called me a worthless piece of shit
(61:27 / All) LoveConquersAll: before he left
(61:41 / All) GET-RECKONING: the lad is confused
(62:45 / All) LoveConquersAll: Love has triumphed
(63:58 / All) LoveConquersAll: if the Jew had a name, I would name him Shylock
(64:09 / All) LoveConquersAll: And take from HIM one pound of flesh